 Dungeon Crawl Stone Soup version 0.18.1-8-gdd0e5ea (webtiles) character file.

21 Leszczynek the Cudgeler (level 2, 19/19 HPs)
             Began as a Tengu Berserker on May 21, 2016.
             Was a Follower of Trog.
             Quit the game on level 1 of the Dungeon.
             The game lasted 00:01:29 (720 turns).

Leszczynek the Cudgeler (Tengu Berserker)            Turns: 720, Time: 00:01:30

Health: 19/19      AC: 10    Str: 17    XL:     2   Next: 87%
Magic:  3/3        EV:  5    Int:  7    God:    Trog [*.....]
Gold:   31         SH:  0    Dex: 13    Spells: 0 memorised, 1 level left

rFire  . . .     SeeInvis .     a - +0 mace
rCold  + . .     Gourm    .     g - +0 plate armour
rNeg   . . .     Faith    .     (no shield)
rPois  .         Spirit   .     (helmet restricted)
rElec  .         Dismiss  .     (no cloak)
rCorr  .         Reflect  .     (no gloves)
SustAt .         Harm     .     (boots unavailable)
MR     .....                    (no amulet)
Stlth  ..........               (no ring)
                                j - ring of protection from cold

@: not resistant to hostile enchantments, extremely unstealthy
A: beak, talons 3
a: Berserk, Burn Spellbooks, Renounce Religion


You were on level 1 of the Dungeon.
You worshipped Trog.
Trog was aware of your devotion.
You were not hungry.

You visited 1 branch of the dungeon, and saw 1 of its levels.

You collected 31 gold pieces.

Inventory:

Hand Weapons
 a - a +0 mace (weapon)
Armour
 g - a +0 plate armour (worn)
Jewellery
 j - a ring of protection from cold (left hand)
Scrolls
 d - a scroll of amnesia {unknown}
 i - a scroll of enchant armour {unknown}
 l - a scroll of blinking {unknown}
Potions
 e - 2 potions of curing {unknown}
 h - a potion of invisibility {unknown}
 k - 2 potions of heal wounds {unknown}
 m - a potion of haste {unknown}
Comestibles
 b - a chunk of flesh
 c - a bread ration
 f - 2 fruits


   Skills:
 - Level 3.0 Fighting
 + Level 4.4 Maces & Flails
 - Level 2.1 Armour
 - Level 2.1 Dodging


You had one spell level left.
You didn't know any spells.

Dungeon Overview and Level Annotations

Branches:
Dungeon (1/15)

Altars:


Innate Abilities, Weirdness & Mutations

You have a beak for a mouth.
You have claws for feet.


Message History

You butcher the kobold corpse.
Items here: % ( )) ÷ a club; 3 stones; a short sword; an inedible chunk of flesh; a kobold skeleton Unknown command.
You see here a bat corpse.
You butcher the bat corpse.
b - 2 chunks of flesh (gained 1)
Items here: % ( )) ÷ a club; 3 stones; a short sword; an inedible chunk of flesh; a kobold skeleton
Found a leather armour.
You see here a leather armour.
Found 20 bolts.
You see here a leather armour.
Items here: % ( )) ÷ a club; 3 stones; a short sword; an inedible chunk of flesh; a kobold skeleton You see here 2 stones.
k - 2 inky potions (gained 1) Some of the chunks of flesh in your inventory have rotted away.
You found a teleport trap!
Are you sure you want to abandon this character and quit the game? (Confirm with "yes".)

#.# #.#
######..##...##...###
#.# #.#
##..##...##..#.##.
###.## #.#
#..##.8.##..##.#.#
.....# #.#
#.####'##..###.#>#
###### ###
#........### #.#.#
♣≈≈≈≈♣♣♣
###############.##.
≈≈8≈≈≈≈♣♣##
#............##.###
≈≈8≈≈≈≈≈≈.#
#..^.........##.# #
≈≈8.≈≈≈≈♣♣♣
#.@##.....#..##.# #
(≈≈≈≈....♣♣
##...#....#.....###
...####...♣#
#....#..#.........
..##..##...#
#....###.....#####
..#....'...#
#...###....#.#
..#...##..♣#
#..#..#......#
..#'###♣..♣
#.#....#.....#
♣♣#.#♣♣..##
#.#.....##.#[#
###.#♣...#
#..........#.#


There were no monsters in sight!

Vanquished Creatures
  2 dart slugs (D:1)
  A giant cockroach (D:1)
  2 goblins (D:1)
  2 hobgoblins (D:1)
  4 bats (D:1)
  3 kobolds (D:1)
  3 rats (D:1)
17 creatures vanquished.

Notes
Turn   | Place    | Note
--------------------------------------------------------------
     0 | D:1      | Leszczynek the Tengu Berserker began the quest for the Orb.
     0 | D:1      | Reached XP level 1. HP: 14/14 MP: 2/2
   133 | D:1      | Reached XP level 2. HP: 19/19 MP: 3/3
   337 | D:1      | Reached skill level 4 in Maces & Flails
   720 | D:1      | Quit the game

Skill      XL: |  1  2 |
---------------+-------+-----
Maces & Flails | 4 |  4.4
Fighting       | |  3.0
Armour         | |  2.1
Dodging        | |  2.1

Action                   || total
-------------------------++-------
Melee: Mace              ||    36
       Kick              ||    10
       Peck              ||     7
Armor: Animal skin       ||     6
       Plate armour      ||    15
Dodge: Dodged            ||    12
